 Dungeon Crawl Stone Soup version 0.29.1-1-gd02db6906a (webtiles) character file.

Game seed: 17849542827407437125

44475 MisterFreud the Cruncher (level 14, -2/110 HPs)
             Began as a Formicid Gladiator on Oct 1, 2022.
             Was a Follower of Yredelemnul.
             Slain by Rupert
             ... wielding a +1 vorpal great mace
              (47 damage)
             ... on level 13 of the Dungeon.
             The game lasted 00:37:55 (26921 turns).

MisterFreud the Cruncher (Formicid Gladiator)      Turns: 26921, Time: 00:37:56

Health: -2/110     AC:  6    Str: 26    XL:     14   Next: 66%
Magic:  23/23      EV: 12    Int:  9    God:    Yredelemnul [*.....]
Gold:   1533       SH: 14    Dex: 17    Spells: 13/13 levels left

rFire   + . .      SeeInvis +   a - +1 quarterstaff (flame)
rCold   . . .      Faith    .   l - +1 kite shield
rNeg    . . .      Spirit   .   b - +0 leather armour
rPois   .          Reflect  .   (helmet unavailable)
rElec   .          Harm     .   i - +0 cloak
rCorr   .          Rampage  .   r - +0 pair of gloves "Corghy" {Drain Str+4 Int+4}
Will    +++..                   (no boots)
Stlth   +.........              G - necklace of Bloodlust {*Rage Will++ Int-3 Slay+6}
HPRegen 0.28/turn               Q - ring of protection from fire
MPRegen 0.18/turn               (no ring)

@: spiked
A: permanent stasis, dig shafts and tunnels, antennae 3, four strong arms
a: Dig, Shaft Self, Renounce Religion, Recall Undead Harvest


You were on level 13 of the Dungeon.
You worshipped Yredelemnul.
Yredelemnul was pleased with you.
You visited 2 branches of the dungeon, and saw 18 of its levels.
You also visited: Ossuary and Bailey.

You collected 1533 gold pieces.

Inventory:

Hand Weapons
 a - a +1 quarterstaff of flaming (weapon)
 o - the +10 long sword "Contanga" {protect, rC++ rCorr Stlth-}
   (You found it in a bailey)

   It grants its wielder temporary protection when it strikes (+7 to AC).
   rC:        It greatly protects you from cold.
   rCorr:     It protects you from acid and corrosion.
   Stlth:     It makes you less stealthy.
Missiles
 c - 3 throwing nets
 n - 4 silver javelins (quivered)
 u - 32 poisoned darts
 y - 5 boomerangs
 C - 2 curare-tipped darts
 E - 10 javelins
 F - 2 datura-tipped darts
Armour
 b - a +0 leather armour (worn)
 i - a +0 cloak (worn)
 l - a +1 kite shield (worn)
 r - the +0 pair of gloves "Corghy" (worn) {Drain Str+4 Int+4}
   (You found it on level 4 of the Dungeon)

   Str:       It affects your strength (+4).
   Int:       It affects your intelligence (+4).
   Drain:     It drains your maximum health when unequipped.
Jewellery
 f - a ring of magical power
 G - the necklace of Bloodlust (around neck) {*Rage Will++ Int-3 Slay+6}
   (You found it on level 9 of the Dungeon)

   [amulet of nothing]

   It extends the wearer's berserk rage when killing foes.
   Int:       It affects your intelligence (-3).
   Slay:      It affects your accuracy & damage with ranged weapons and melee
   (+6).
   *Rage:     It berserks you when you make melee attacks (+50% chance).
   Will:      It greatly increases your willpower.
 O - a +6 ring of intelligence
 P - an amulet of faith
 Q - a ring of protection from fire (left hand)
 R - a +6 ring of intelligence
Wands
 p - a wand of paralysis (10)
 B - a wand of polymorph (1)
 D - a wand of iceblast (23)
 J - a wand of mindburst (4)
 L - a wand of digging (3)
Scrolls
 h - 6 scrolls of silence
 m - 2 scrolls of amnesia
 q - 3 scrolls of poison
 t - a scroll of fear
 A - 4 scrolls of enchant weapon
 I - 3 scrolls of magic mapping
 K - 5 scrolls of identify
 N - a scroll of butterflies
Potions
 d - 2 potions of mutation
 e - a potion of ambrosia
 g - 11 potions of curing
 j - 3 potions of flight
 k - a potion of resistance
 s - 3 potions of attraction
 v - 2 potions of heal wounds
 w - 3 potions of magic
 x - 2 potions of brilliance
 H - a potion of cancellation
Miscellaneous
 z - a phantom mirror


   Skills:
 - Level 10.0 Fighting
 - Level 14.0 Staves
 - Level 2.0 Throwing
 + Level 6.4 Armour
 - Level 2.6 Dodging
 + Level 12.3 Shields
 - Level 12.0 Invocations
 - Level 12.1 Evocations


You had 13 spell levels left.
You didn't know any spells.
Your spell library contained the following spells:

 Spells                   Type           Power      Damage    Failure   Level
 Apportation              Tloc           0%         N/A       61%         1
 Freeze                   Ice            0%         1d3       61%         1
 Summon Small Mammal      Summ           0%         N/A       61%         1
 Ensorcelled Hibernation  Hex/Ice        0%         N/A       75%         2
 Passwall                 Tmut/Erth      0%         N/A       75%         2
 Call Canine Familiar     Summ           0%         N/A       93%         3
 Frozen Ramparts          Ice            0%         1d1       93%         3
 Gell's Gravitas          Tloc           0%         N/A       93%         3
 Ozocubu's Armour         Ice            0%         N/A       93%         3
 Summon Guardian Golem    Hex/Summ       0%         N/A       93%         3
 Teleport Other           Tloc           0%         N/A       93%         3
 Hailstorm                Conj/Ice       0%         3d3       100%        4
 Alistair's Intoxication  Tmut/Pois      0%         N/A       100%        5
 Dispersal                Tloc           0%         N/A       100%        6
 Ozocubu's Refrigeration  Ice            0%         4d7       100%        7
 Disjunction              Tloc           0%         N/A       100%        8
 Swiftness                Air            Unusable   N/A       N/A         3

Dungeon Overview and Level Annotations

Branches:
Dungeon (13/15)            Temple (0/1) D:5            Lair (5/5) D:8
  Swamp (0/4) Lair:3        Snake (0/4) Lair:2        Slime (0/5) Lair:5
    Orc (0/2) D:11        Ossuary (visited)          Bailey (visited)
 Vaults: D:13-14

Altars:
Kikubaaqudgha
Makhleb
Nemelex Xobeh
Qazlal
Sif Muna
Trog
Yredelemnul
Zin
The Shining One

Shops:
D:4 [   D:7 :   D:12 *

Annotations:
D:3 3 runed translucent doors, Grinder; jombi's ghost, amateur KoBe
D:5 2 transporters, Ashen's ghost, amateur DsIE
D:11 3 runed translucent doors, dunno567's ghost, journeyman TrMo
D:13 Rupert


Innate Abilities, Weirdness & Mutations

You cannot be hasted, slowed, berserked, paralysed or teleported.
You can dig through walls and to a lower floor.
You have a pair of large antennae on your head. (SInv)
Your four strong arms can wield two-handed weapons with a shield.


Message History

Your centaur warrior zombie hits Rupert!
Your centaur warrior zombie kicks Rupert but does no damage.
You hear a shout!
An orc knight comes into view. It is wielding a +1 vorpal great sword.
Rupert hits your centaur warrior zombie with a +1 vorpal great mace!!
Your centaur warrior zombie is destroyed!
You can no longer trade souls for undead servants.
Unknown command.
Rupert shouts!
You sock Rupert! You burn Rupert.
Rupert is lightly wounded.
Rupert hits you with a +1 vorpal great mace!!
The manticore flicks its tail.
You block the volley of spikes.
Unknown command.
You bludgeon Rupert!! You burn Rupert.
Rupert is moderately wounded.
Rupert hits you with a +1 vorpal great mace!!
The manticore flicks its tail.
The volley of spikes hits you!
The barbed spikes become lodged in your body.
A slime creature comes into view.
As you read the scroll of fear, it crumbles to dust.
You assume a fearsome visage.
The slime creature looks frightened!
The orc knight looks frightened!
The manticore looks frightened!
Rupert is unaffected.
You block Rupert's attack.
Your bound dire elephant tramples Rupert!
Rupert holds his ground!
Your bound dire elephant trunk-slaps Rupert!
Rupert completely misses you.
Unknown command.
Unknown command.
Unknown command.
Unknown command.
Unknown command.
The barbs in your skin will harm you if you move.
Continue?
Rupert attacks as you move away!
Rupert hits you with a +1 vorpal great mace!!!
You die...
Your body rises from the dead as a mindless zombie.

#...... #..... {
#..#o### #.H#.#.
#..... #.... . #.#.#
$.. #.#@#....#
#..Z@......
....######.#########
....#.......#.. {
.....#####.#.# {
#... #..#.#.# #.#...
#..#.#.# {
#.#...##..#.#.# {
#.# #..#..#.#.#


You could see Rupert (berserk, ally target), an orc knight (fleeing), a
manticore (fleeing) and a friendly bound dire elephant.

Vanquished Creatures
  A dire elephant (Lair:5)
  A hydra (D:11)
  A centaur warrior (D:13)
  2 boulder beetles (D:12)
  3 two-headed ogres
  A bog body (Lair:3)
  An orc knight (Bailey)
  A deep elf pyromancer (D:12)
  A manticore (D:12)
  An ugly thing (D:12)
  A cyclops (D:13)
  A black mamba (Lair:5)
  A gargoyle (D:11)
  10 cane toads
  Psyche (D:11)
  6 komodo dragons
  4 trolls
  A polar bear (Lair:1)
  A meliai (D:10)
  A dream sheep (Lair:4)
  10 blink frogs
  3 slime creatures (D:12)
  Sigmund (D:3)
  A dire elephant simulacrum (Lair:5)
  2 vampires
  2 wyverns
  Eustachio (D:6)
  2 wraiths
  23 yaks
  7 vampire mosquitoes
  2 steam dragons
  A naga (Lair:2)
  2 acid dragons
  A spectral cane toad (Lair:5)
  7 water moccasins
  A swamp drake (D:11)
  10 orc warriors
  A sky beast (D:8)
  14 wolves
  3 centaurs
  An ogre (D:3)
  3 phantoms
  4 kobold brigands
  5 bullfrogs
  3 necrophages
  3 scorpions
  A gnoll sergeant (D:9)
  4 wights (D:6)
  4 water moccasin zombies (Ossuary)
  2 howler monkeys
  An electric eel (D:11)
  2 hounds
  A jelly (D:6)
  A gnoll bouda (Lair:4)
  5 orc priests
  9 orc wizards
  Terence (D:3)
  4 iguanas
  2 mummies (Ossuary)
  7 adders
  10 gnolls
  A shadow imp (D:6)
  2 ufetubi
  7 adder zombies
  A dart slug (D:1)
  44 orcs
  4 ball pythons
  9 endoplasms
  4 giant cockroaches
  34 goblins
  27 hobgoblins
  5 jackals (D:2)
  6 quokkas
  3 bats
  4 frilled lizards
  4 gnoll zombies (Ossuary)
  2 hobgoblin zombies (Ossuary)
  17 kobolds
  6 kobold zombies (Ossuary)
  3 orc zombies (Ossuary)
  5 rats
395 creatures vanquished.

Vanquished Creatures (collateral kills)
  Erolcha (D:12)
  2 hydras (Lair:5)
  A two-headed ogre (D:10)
  A catoblepas (Lair:5)
  Erica (Lair:1)
  3 fire crabs
  Amaemon (D:10)
  2 cyclopes
  2 manticores
  A cyclops (shapeshifter) (D:10)
  4 cane toads
  An orange demon (D:10)
  3 komodo dragons
  A rime drake (Lair:1)
  2 polar bears
  A troll (D:10)
  A slime creature (D:12)
  9 blink frogs
  6 yaks (Lair:4)
  2 vampire mosquitoes (D:10)
  5 water moccasins
  2 nagas (Lair:2)
  2 orc warriors (Bailey)
  An ogre (D:4)
  6 wolves
  A kobold brigand (D:6)
  4 bullfrogs
  A necrophage (D:7)
  A howler monkey (D:8)
  3 orc priests
  2 iguanas (D:4)
  3 orc wizards
  3 gnolls
  A river rat (D:6)
  7 orcs
  5 goblins
  2 hobgoblins (D:6)
  A quokka (D:4)
  A frilled lizard (D:6)
  4 kobolds
100 creatures vanquished.

Vanquished Creatures (others)
  A spectral komodo dragon (Lair:5)
  A meliai zombie (D:10)
  A black mamba zombie (Lair:5)
  A slime creature zombie (D:12)
  3 cane toad zombies
  An orc warrior (D:11)
  A human (D:4)
  2 blink frog zombies (Lair:4)
  3 vampire mosquito zombies
  A komodo dragon zombie (Lair:5)
  A cyclops zombie (D:6)
  4 water moccasin zombies
  A wyvern zombie (Lair:4)
  A troll zombie (D:12)
  3 yak zombies
  4 wolf zombies (Lair:5)
  2 centaur zombies
  A howler monkey zombie (D:5)
  2 iguana zombies (D:6)
  A jelly zombie (D:6)
  A spectral shadow imp (D:6)
  An adder zombie (D:6)
  2 gnoll zombies
  12 goblin zombies (D:6)
  10 hobgoblin zombies (D:6)
  6 kobold zombies (D:6)
  13 orc zombies
  61 fungi
  91 plants
  8 withered plants (Lair:5)
240 creatures vanquished.

Grand Total: 735 creatures vanquished

Notes
Turn   | Place    | Note
-------+----------+-------------------------------------------
     0 | D:1      | MisterFreud the Formicid Gladiator began the quest for the
                  | Orb.
     0 | D:1      | Reached XP level 1. HP: 16/16 MP: 1/1
   202 | D:1      | Reached XP level 2. HP: 19/22 MP: 2/2
   633 | D:1      | Reached skill level 4 in Staves
   633 | D:1      | Reached XP level 3. HP: 27/27 MP: 3/3
  1484 | D:2      | Found a faded altar of an unknown god.
  1680 | D:2      | Reached XP level 4. HP: 33/33 MP: 4/4
  2276 | D:3      | Noticed an ogre
  2284 | D:3      | Killed an ogre
  2285 | D:3      | Reached skill level 5 in Staves
  2285 | D:3      | Reached skill level 1 in Shields
  2285 | D:3      | Reached XP level 5. HP: 40/40 MP: 5/5
  2430 | D:3      | Noticed a phantom
  2501 | D:3      | Killed a phantom
  2502 | D:3      | Reached XP level 6. HP: 17/47 MP: 6/6
  2729 | D:3      | Noticed Sigmund
  2750 | D:3      | Killed Sigmund
  2751 | D:3      | Reached skill level 6 in Staves
  2751 | D:3      | Reached XP level 7. HP: 44/53 MP: 7/7
  2925 | D:3      | Noticed Terence
  2943 | D:3      | Killed Terence
  3091 | D:3      | Found a runed translucent gate.
  3091 | D:3      | Found a runed translucent gate.
  3091 | D:3      | Found a runed translucent gate.
  3091 | D:3      | Noticed jombi's ghost (amateur KoBe)
  3093 | D:3      | Found a basalt altar of Yredelemnul.
  3121 | D:3      | Became a worshipper of Yredelemnul the Dark
  3189 | D:3      | Noticed Grinder
  3495 | D:4      | Found Biefohao's Antique Armour Shop.
  3505 | D:4      | Reached * piety under Yredelemnul
  3733 | D:4      | Reached skill level 7 in Staves
  3736 | D:4      | Identified the +0 pair of gloves "Corghy" {Drain Str+4
                  | Int+4}
  3850 | D:4      | Found an ancient bone altar of Kikubaaqudgha.
  3854 | D:4      | Noticed a human
  3855 | D:4      | Killed a human
  3905 | D:4      | Reached XP level 8. HP: 44/61 MP: 8/8
  4030 | D:4      | Reached ** piety under Yredelemnul
  4150 | D:4      | Reached *** piety under Yredelemnul
  4235 | D:5      | Entered Level 5 of the Dungeon
  4247 | D:5      | Reached skill level 5 in Shields
  4263 | D:5      | Reached skill level 5 in Fighting
  4518 | D:5      | Noticed Ashen's ghost (amateur DsIE)
  4522 | D:5      | Found a transporter.
  4564 | D:5      | Found a transporter.
  4691 | D:5      | Found a staircase to the Ecumenical Temple.
  5153 | D:5      | Reached skill level 8 in Staves
  5384 | D:6      | Reached XP level 9. HP: 8/69 MP: 9/9
  5608 | D:6      | Found a sand-covered staircase.
  5613 | Ossuary  | Entered an ossuary
  5904 | Ossuary  | Reached skill level 9 in Staves
  6411 | D:6      | Noticed a cyclops
  6571 | D:7      | Found Vizecs's Book Boutique.
  6627 | D:7      | Reached skill level 10 in Staves
  6961 | D:7      | Found a flagged portal.
  6978 | Bailey   | Entered a bailey
  7457 | Bailey   | Reached skill level 11 in Staves
  8033 | Bailey   | Reached XP level 10. HP: 22/76 MP: 10/12
  8300 | Bailey   | Noticed an orc knight
  8303 | Bailey   | Reached skill level 1 in Evocations
  8309 | Bailey   | Killed an orc knight
  8310 | Bailey   | Reached skill level 5 in Invocations
  8314 | Bailey   | Identified the +10 long sword "Contanga" {protect, rC++
                  | rCorr Stlth-}
  8764 | D:6      | Noticed Eustachio
  8777 | D:6      | Killed Eustachio
  9633 | D:7      | Found a shimmering blue altar of Sif Muna.
 10213 | D:6      | Reached skill level 5 in Evocations
 10596 | D:6      | Killed a cyclops
 11165 | D:8      | Found a staircase to the Lair.
 11353 | D:8      | Noticed a two-headed ogre
 11362 | D:8      | Killed a two-headed ogre
 11363 | D:8      | Reached skill level 1 in Armour
 11363 | D:8      | Reached XP level 11. HP: 78/82 MP: 17/17
 11430 | D:8      | Noticed a two-headed ogre
 11439 | D:8      | Killed a two-headed ogre
 12119 | D:9      | Found the +10 zealot's sword {holy, *Rage rN+ EV+3}
 12305 | D:9      | Found the necklace of Bloodlust {*Rage Will++ Int-3 Slay+6}
 12555 | D:9      | Reached **** piety under Yredelemnul
 12734 | D:9      | Found a sparkling altar of Nemelex Xobeh.
 12826 | D:9      | Reached ***** piety under Yredelemnul
 13069 | D:10     | Entered Level 10 of the Dungeon
 13168 | D:10     | Noticed a two-headed ogre
 13181 | D:10     | Killed a two-headed ogre
 13660 | D:10     | Found a stormy altar of Qazlal.
 13661 | D:10     | Found a glowing golden altar of the Shining One.
 13661 | D:10     | Found a burning altar of Makhleb.
 13662 | D:10     | Found a bloodstained altar of Trog.
 13680 | D:10     | Noticed Amaemon
 13681 | D:10     | Noticed a cyclops
 13681 | D:10     | a wind drake changed into a cyclops
 13686 | D:10     | Killed a cyclops
 13687 | D:10     | Reached skill level 12 in Staves
 13692 | D:10     | Reached skill level 5 in Armour
 13694 | D:10     | Killed Amaemon
 13741 | D:10     | Noticed a two-headed ogre
 13745 | D:10     | Killed a two-headed ogre
 13746 | D:10     | Reached XP level 12. HP: 59/94 MP: 15/18
 14288 | D:11     | Noticed Psyche
 15266 | D:11     | Found a runed translucent gate.
 15266 | D:11     | Noticed a fire giant
 15267 | D:11     | Found a runed translucent gate.
 15268 | D:11     | Found a runed translucent gate.
 15270 | D:11     | Noticed a four-headed hydra
 15277 | D:11     | Killed a four-headed hydra
 15744 | D:11     | Noticed dunno567's ghost (journeyman TrMo)
 16163 | D:11     | Found a staircase to the Orcish Mines.
 16328 | D:11     | Killed Psyche
 16450 | D:11     | Found a burning altar of Makhleb.
 16450 | D:11     | Noticed a balrug
 16862 | D:12     | Noticed a boulder beetle
 17176 | D:12     | Killed a boulder beetle
 17631 | D:12     | Found Zin's Purification Station.
 17649 | D:12     | Reached skill level 13 in Staves
 17890 | D:12     | Found a glowing silver altar of Zin.
 17901 | D:12     | Noticed Erolcha
 17905 | D:12     | Noticed a boulder beetle
 17926 | D:12     | Killed a boulder beetle
 17927 | D:12     | Reached skill level 10 in Fighting
 17936 | D:12     | HP: 3/97 [cyan ugly thing (15)]
 18077 | Lair:1   | Entered Level 1 of the Lair of Beasts
 18415 | Lair:1   | Reached XP level 13. HP: 103/103 MP: 19/19
 18444 | Lair:1   | Reached skill level 10 in Evocations
 19283 | Lair:1   | Noticed Erica
 19289 | Lair:1   | Killed Erica
 19501 | Lair:2   | Reached skill level 14 in Staves
 19958 | Lair:2   | Reached ****** piety under Yredelemnul
 20095 | Lair:2   | Found a staircase to the Snake Pit.
 20687 | Lair:2   | Identified the +5 dagger "Ycsell" {vorpal, Str+2}
 21026 | Lair:3   | Found a staircase to the Swamp.
 21756 | Lair:3   | Reached skill level 10 in Invocations
 22979 | Lair:4   | Reached XP level 14. HP: 65/110 MP: 22/22
 23503 | Lair:5   | Entered Level 5 of the Lair of Beasts
 24560 | Lair:5   | Reached skill level 10 in Shields
 24897 | Lair:5   | Found a staircase to the Slime Pits.
 25417 | Lair:5   | Noticed a dire elephant
 25417 | Lair:5   | Noticed a dire elephant
 25417 | Lair:5   | Noticed a dire elephant
 25418 | Lair:5   | Noticed a dire elephant
 25526 | Lair:5   | Noticed a dire elephant
 25528 | Lair:5   | Noticed a dire elephant
 25544 | Lair:5   | Killed a dire elephant
 25555 | Lair:5   | Killed a dire elephant
 25555 | Lair:5   | Enslaved a dire elephant
 26341 | D:12     | Killed Erolcha
 26913 | D:13     | Noticed Rupert
 26921 | D:13     | Slain by Rupert

Illustrated notes

Levels and vault maps discovered:
D:1:      nagdon_arrival_zigzag_paths, layout_loops_corners, minmay_quantized
D:2:      layout_basic, shapermc_ecumenical_altar_pompeii,
          chequers_serial_rivers_micro_e
D:3:      layout_loops_ring, general_overflow_altar,
          nicolae_yredelemnul_ghost_church, uniq_sigmund, uniq_terence,
          uniq_grinder
D:4:      layout_rooms, tgw_kikubaaqudgha, serial_shops,
          nicolae_shop_advertising_works [nicolae_subvault_shop_adworks],
          nrook_mini_backslash
D:5:      minmay_inner_zag, layout_basic, minmay_temple_entry_fiery,
          gammafunk_ghost_mausoleum, serial_bayou_pond_d, hex_intersection
D:6:      minmay_goblin_kobold_castle, layout_basic, enter_ossuary_2,
          kennysheep_cross_bottleneck, uniq_eustachio
D:7:      layout_basic, lemuel_doored_altar, serial_shops, shop_coins,
          enter_bailey_5
D:8:      layout_cave_pods, lair_entry_dummy, chequers_serial_rivers_micro_d,
          amcnicky_mini_pool_small, nicolae_elevator_lobby_plus
D:9:      layout_roguey, nemelex_xobeh_ov_fountains_minmay
D:10:     layout_roguey, chequers_temple_overflow_statue_of_worship,
          serial_bayou, serial_bayou_crossing, serial_bayou_pond_e,
          serial_bayou_pond_d, serial_bayou_pond_b, uniq_amaemon
D:11:     layout_long_grid, erik_orc_1, gammafunk_ghost_split,
          palyth_stone_intersect, kennysheep_path_1, makhleb_altar_promises_db,
          uniq_psyche
D:12:     layout_loops_corners, zin_purify, uniq_erolcha
D:13:     minmay_tri_box, layout_basic, david_vaults_5, minmay_puff, uniq_rupert
Lair:1:   layout_regular_city, uniq_erica
Lair:2:   layout_chaotic_city, minmay_snake_entry_guardpost_small
Lair:3:   layout_layer_cave, skrybe_swamp_entry_bodies, enter_volcano_1
Lair:4:   layout_gridlike, dreamdust_gnoll_shepherd, serial_bayou_shore_a,
          lemuel_fruit_tree
Lair:5:   due_jungle_book, layout_loops_ring, slime_entry_1

Skill      XL: |  1  2  3  4  5  6  7  8  9 10 11 12 13 14 |
---------------+-------------------------------------------+-----
Staves         | 4 5 6 7 8 11 12 13 14 | 14.0
Shields        | 1 2 3 4 6 12 | 12.3
Fighting       | 3 4 5 6 8 10 | 10.0
Invocations    | 2 8 11 12 | 12.0
Evocations     | 5 7 9 12 | 12.1
Armour         | 1 5 6 |  6.4
Throwing       | |  2.0
Dodging        | |  2.6

Action                   |  1- 3 |  4- 6 |  7- 9 | 10-12 | 13-15 || total
-------------------------+-------+-------+-------+-------+-------++-------
Melee: Quarterstaff      |    83 |    73 |   458 |   551 |   346 ||  1511
       Unarmed           |       |       |       |    16 |       ||    16
Throw: Javelin           |       |     2 |     2 |       |       ||     4
       Dart              |       |       |       |     6 |       ||     6
Invok: Recall Undead Har |       |       |       |     3 |     1 ||     4
       Drain Life        |       |       |       |     1 |     1 ||     2
       Dark Bargain      |       |       |       |     1 |       ||     1
       Bind Soul         |       |       |       |       |     2 ||     2
Evoke: Wand              |       |       |     6 |    10 |     5 ||    21
       Phantom mirror    |       |       |       |     2 |       ||     2
  Use: Scroll            |     6 |     3 |    12 |     8 |     3 ||    32
       Potion            |       |       |     2 |     3 |     1 ||     6
 Stab: Sleeping          |       |       |     2 |     1 |       ||     3
       Paralysed         |       |       |     5 |     6 |       ||    11
       Distracted        |       |       |       |     9 |     8 ||    17
       Invisible         |       |       |       |     3 |       ||     3
Armor: Leather armour    |    22 |    16 |    80 |    70 |    53 ||   241
       Skin              |       |       |     7 |       |       ||     7
Dodge: Dodged            |    46 |    28 |   153 |   198 |   103 ||   528
Block: Kite shield       |       |    20 |   224 |   254 |   160 ||   658
